 Dungeon Crawl Stone Soup version 0.31.0-11-ge490571c62 (webtiles) character file.

Game seed: 16121080358599988764

98 hawla the Firebug (level 4, -4/24 HPs)
             Began as a Deep Elf Fire Elementalist on Jan 29, 2024.
             Slain by a water moccasin (7 damage)
             ... on level 3 of the Dungeon.
             The game lasted 00:03:12 (2263 turns).

hawla the Firebug (Deep Elf Fire Elementalist)      Turns: 2263, Time: 00:03:13

Health: -4/24      AC:  2    Str:  5    XL:     4   Next: 44%
Magic:  4/11       EV: 13    Int: 22    God:
Gold:   104        SH:  0    Dex: 15    Spells: 3/10 levels left

rFire   + . .        (no weapon)
rCold   x . .        (no shield)
rNeg    . . .        a - +0 robe
rPois   .            (no helmet)
rElec   .            (no cloak)
rCorr   .            (no gloves)
SInv    .            (no boots)
Will    .....        (no amulet)
Stlth   ++           d - ring of fire
HPRegen 0.24/turn    (no ring)
MPRegen 0.12/turn

%: no passive effects
@: lethally poisoned (-4 -> -16), hasted, very quick
A: no striking features
a: no special abilities


You were on level 3 of the Dungeon.
You visited 1 branch of the dungeon, and saw 3 of its levels.

You collected 104 gold pieces.

Inventory:

Armour
 a - a +0 robe (worn)
Jewellery
 d - a ring of fire (left hand)
 f - a +4 ring of protection
Scrolls
 e - a scroll of revelation {unknown}
 i - a scroll of teleportation
Potions
 b - a potion of magic
 c - a potion of haste
 g - a potion of might {unknown}
 h - a potion of curing {unknown}


   Skills:
 - Level 3.2 Dodging
 - Level 3.2 Stealth
 - Level 3.7 Spellcasting
 + Level 2.9 Conjurations
 - Level 3.7 Fire Magic


You had 3 spell levels left.
You knew the following spells:

 Your Spells              Type           Power      Damage    Failure   Level
a - Foxfire               Conj/Fire      100%       2x1d9     3%          1
b - Scorch                Fire           62%        2d7       3%          2
c - Flame Wave            Conj/Fire      28%        2d9       28%         4

Your spell library contained the following spells:

 Spells                   Type           Power      Damage    Failure   Level
 Inner Flame              Hex/Fire       18%        N/A       16%         3
 Volatile Blastmotes      Fire/Tloc      36%        2d13      16%         3


Dungeon Overview and Level Annotations

Branches:
Dungeon (3/15)

Altars:


Message History

You feel a surge of power!
Flames lash the water moccasin.
The water moccasin is moderately wounded.
The water moccasin's fire resistance burns away.
The foxfire hits the bat.
You kill the bat!
Casting: Scorch (safe; 3% risk of failure)
Confirm with . or Enter, or press ? or * to list all spells.
You feel a surge of power!
You conjure some foxfire!
The water moccasin bites you.
You are poisoned.
The water moccasin poisons you!
Casting: Foxfire (safe; 3% risk of failure)
Confirm with . or Enter, or press ? or * to list all spells.
You feel a surge of power!
You conjure some foxfire!
You feel very sick.
The foxfire hits the water moccasin but does no damage.
The water moccasin is moderately wounded.
The foxfire hits the water moccasin.
The water moccasin is moderately wounded.
The water moccasin barely misses you.
Casting: Foxfire (safe; 3% risk of failure)
Confirm with . or Enter, or press ? or * to list all spells.
You feel a surge of power!
Flames lash the ball python.
You kill the ball python!
You feel sick.
The foxfire hits the water moccasin.
The water moccasin is burned terribly!
The water moccasin is heavily wounded.
The water moccasin bites you.
The foxfire hits the water moccasin.
The water moccasin is burned terribly!
The water moccasin is heavily wounded.
The water moccasin bites you!
* * * LOW HITPOINT WARNING * * *
You are lethally poisoned!
The water moccasin poisons you!
It was a potion of haste.
You feel yourself speed up.
* * * LOW HITPOINT WARNING * * *
You feel very sick.
The water moccasin is no longer more vulnerable to fire.
The water moccasin bites you!
You die...

~~~~~~~~~~~P..#
~≈≈≈.≈≈≈.~≈~~.#
#≈~≈#~≈≈#≈≈~#.########
##.###.###.####......#
#...#...#...#..#####.# #
..........÷.............
............†..#####....
)..............§##......
...............§@S.#
#...#...#...#....g......
##.###.###.####....#....
#≈~~#~≈≈#~≈ #.........
~~~~.~≈≈.~≈ #....#.# #
#~.~~~~~~~~ #........
..#.~~~~~~~~ #<.....#..
#.##P....... #.........
##. .


You could see a water moccasin and a goblin.

Vanquished Creatures
  A gnoll (D:1)
  4 adders
  3 ribbon worms
  A dart slug (D:2)
  3 ball pythons
  5 bats
  3 endoplasms
  2 giant cockroaches
  5 goblins
  4 hobgoblins
  2 jackals (D:2)
  2 quokkas
  4 frilled lizards
  A kobold (D:2)
  3 rats
43 creatures vanquished.

Vanquished Creatures (others)
  106 foxfires
106 creatures vanquished.

Grand Total: 149 creatures vanquished

Notes
Turn   | Place    | Note
-------+----------+-------------------------------------------
     0 | D:1      | hawla the Deep Elf Fire Elementalist began the quest for
                  | the Orb.
     0 | D:1      | Reached XP level 1. HP: 10/10 MP: 6/6
   560 | D:1      | Reached XP level 2. HP: 15/15 MP: 5/8
   563 | D:1      | Learned a level 2 spell: Scorch
  1097 | D:2      | Reached XP level 3. HP: 19/19 MP: 6/9
  1780 | D:2      | Reached XP level 4. HP: 24/24 MP: 8/11
  1917 | D:2      | Learned a level 4 spell: Flame Wave
  2256 | D:3      | Noticed a water moccasin
  2263 | D:3      | Slain by a water moccasin

Illustrated notes

Levels and vault maps discovered:
D:1:      nzn_arrival_water_spiral, layout_loops_corners,
          nicolae_figureground_pulse
D:2:      layout_loops_ring
D:3:      wad_lake_hut, layout_loops_ring, st_stairs_4

Skill      XL: |  1  2  3 |
---------------+----------+-----
Stealth        | 3 |  3.2
Dodging        | 3 |  3.2
Conjurations   | 2 |  2.9
Spellcasting   | |  3.7
Fire Magic     | |  3.7

Action                     |  1- 3 |  4- 6 || total
---------------------------+-------+-------++-------
  Melee: Unarmed           |     6 |     1 ||     7
   Cast: Foxfire           |    45 |    15 ||    60
         Scorch            |     9 |     4 ||    13
    Use: Scroll            |     1 |     3 ||     4
         Potion            |       |     1 ||     1
 Armour: Robe              |     6 |     5 ||    11
  Dodge: Dodged            |     9 |     2 ||    11
